 Dungeon Crawl Stone Soup version 0.22-a0-322-g60b3cfd (webtiles) character file.

35 Kairos the Insei (level 3, 17/23 HPs)
             Began as an Octopode Transmuter on Apr 5, 2018.
             Got out of the dungeon alive.
             The game lasted 00:01:31 (663 turns).

Kairos the Insei (Octopode Transmuter)               Turns: 663, Time: 00:01:31

Health: 17/23      AC:  1    Str:  9    XL:     3   Next: 35%
Magic:  6/6        EV: 13    Int: 15    God:
Gold:   34         SH:  0    Dex: 13    Spells: 5/6 levels left

rFire    . . .     SeeInvis .     - Unarmed
rCold    . . .     Gourm    .   (no shield)
rNeg     . . .     Faith    .   (helmet restricted)
rPois    .         Spirit   .   (no amulet)
rElec    .         Reflect  .   (no ring)
rCorr    .         Harm     .   (no ring)
MR       .....                  (no ring)
Stlth    +++.......             (no ring)
HPRegen  0.07/turn              (no ring)
MPRegen  0.10/turn              (no ring)
                                (no ring)
                                (no ring)

@: no status effects
A: almost no armour, stealthy swim, amphibious, 8 rings, constrict 8, camouflage
1, gelatinous body 1
a: no special abilities


You escaped.
You were not hungry.

You visited 1 branch of the dungeon, and saw 1 of its levels.

You collected 34 gold pieces.

Inventory:

Missiles
 a - 43 arrows
Scrolls
 b - 2 scrolls of identify {unknown}
 d - 2 scrolls of enchant weapon {unknown}
 e - 5 scrolls of teleportation {unknown}
 g - a scroll of blinking {unknown}
 h - a scroll of fog {unknown}
Potions
 f - a potion of degeneration {unknown}
Comestibles
 c - 3 rations


   Skills:
 + Level 1.1 Fighting
 + Level 2.2 Dodging
 + Level 1.4 Stealth
 + Level 3.6 Unarmed Combat
 + Level 2.2 Spellcasting
 + Level 2.1 Transmutations


You had 5 spell levels left.
You knew the following spells:

 Your Spells              Type           Power        Failure   Level  Hunger
a - Beastly Appendage     Tmut           #.....       9%          1    #......


Dungeon Overview and Level Annotations

Branches:
Dungeon (1/15)

Altars:


Innate Abilities, Weirdness & Mutations

You cannot wear most types of armour.
You are very stealthy in the water. (Stealth+)
You are amphibious.
You can wear up to eight rings at the same time.
You can use your tentacles to constrict eight enemies at once.
Your skin changes colour to match your surroundings (Stealth+).
Your rubbery body absorbs attacks. (AC +1, EV +1)


Message History

You are too injured to fight recklessly!
You bludgeon the kobold!
You kill the kobold!
Things that are here:
4 stones; a kobold corpse You open the door.
There is an open door here.
There is a large open door here.
There is a large open door here.
You see here 7 stones.
Done exploring.
Done exploring.
Done exploring.
Done exploring.
There is a stone staircase leading down here.
You open the door.
There is an open door here.
There is a staircase leading out of the dungeon here.
Are you sure you want to leave the Dungeon?
This will make you lose the game!
You have escaped!

###........#.#.....#######
#..........#.#.....'.....#
#..........#.......####.## #####
#...#####...#....#....#.#####....
##### #..>...........[......+....
#.####........#.#######....
#.####.'++'++.#.#######.#..
#......+....+..............
#####...+..@.+...........##.
#.......+....+..###########.
#.......+....+..# #...
###.....#.++++++.## #...
#........(.......# #...
#........######### #...
#........# #... #........# #..†
########## ####


There were no monsters in sight!

Vanquished Creatures
  An ooze (D:1)
  A leopard gecko (D:1)
  2 giant cockroaches (D:1)
  2 goblins (D:1)
  6 hobgoblins (D:1)
  3 jackals (D:1)
  5 bats (D:1)
  2 frilled lizards (D:1)
  3 kobolds (D:1)
  4 rats (D:1)
29 creatures vanquished.

Notes
Turn   | Place    | Note
-------+----------+-------------------------------------------
     0 | D:1      | Kairos the Octopode Transmuter began the quest for the Orb.
     0 | D:1      | Reached XP level 1. HP: 13/13 MP: 3/3
   124 | D:1      | Reached XP level 2. HP: 13/18 MP: 5/5
   310 | D:1      | Reached skill level 1 in Stealth
   405 | D:1      | Reached XP level 3. HP: 22/23 MP: 6/6
   663 | D:$      | Got out of the dungeon alive.

Vault maps used:
D:1:      lightli_arrival_maybe_door_vault

Skill      XL: |  1  2 |
---------------+-------+-----
Stealth        | 1 |  1.4
Fighting       | |  1.1
Dodging        | |  2.2
Unarmed Combat | |  3.6
Spellcasting   | |  2.2
Transmutations | |  2.1

Action                   || total
-------------------------++-------
Melee: Unarmed           ||    71
       Constrict         ||    24
       Punch             ||     4
       Tentacles         ||    11
 Stab: Sleeping          ||     6
Armor: Skin              ||     9
Dodge: Dodged            ||    39

Table legend:
 A = Spawn XP
 B = Non-spawn XP
 C = Spawn XP percentage of total XP
 D = Spawn monster count
 E = Non-spawn monster count
 F = Spawn count percentage of total count
 G = Total turns spent on level
                    A         B        C        D         E        F      G
               +---------+---------+-------+---------+---------+-------+---------
         Total |       0 |      51 |   0.0 |       0 |      29 |   0.0 |   663
               +---------+---------+-------+---------+---------+-------+---------
           D:1 |       0 |      51 |   0.0 |       0 |      29 |   0.0 |   663
               +---------+---------+-------+---------+---------+-------+---------
